 Dungeon Crawl Stone Soup version 0.19-a0-1740-g0bcaf2e (webtiles) character file.

389 aronpayne the Skirmisher (level 7, 0/55 HPs)
             Began as a Human Fighter on Oct 1, 2016.
             Killed by divine providence
             ... invoked by an orc priest
              (12 damage)
             ... on level 4 of the Dungeon.
             The game lasted 00:09:15 (2800 turns).

aronpayne the Skirmisher (Human Fighter)            Turns: 2800, Time: 00:09:17

Health: 0/55       AC:  8    Str: 23    XL:     7   Next: 7%
Magic:  7/7        EV:  9    Int:  9    God:
Gold:   86         SH: 14    Dex: 12    Spells: 0 memorised, 6 levels left

rFire  . . .     SeeInvis .     m - +1 spear (freeze)
rCold  . . .     Gourm    .     b - +0 scale mail
rNeg   . . .     Faith    .     c - +0 shield
rPois  .         Spirit   .     (no helmet)
rElec  .         Dismiss  .     (no cloak)
rCorr  .         Reflect  +     t - +0 pair of gloves
MR     .....     Harm     .     (no boots)
Stlth  ..........               s - +4 amulet of reflection
                                (no ring)
                                (no ring)

@: mighty
A: no striking features
a: no special abilities


You were on level 4 of the Dungeon.
You were not hungry.

You visited 1 branch of the dungeon, and saw 4 of its levels.

You collected 86 gold pieces.

Inventory:

Hand Weapons
 a - a +1 spear of freezing
 m - a +1 spear of freezing (weapon)
Armour
 b - a +0 scale mail (worn)
 c - a +0 shield (worn)
 t - a +0 pair of gloves (worn)
Jewellery
 s - a +4 amulet of reflection (around neck)
Scrolls
 e - a scroll of blinking {unknown}
 i - a scroll of recharging {unknown}
 o - 2 scrolls of amnesia {unknown}
 q - 2 scrolls of fear {unknown}
 u - a scroll of identify
 w - a scroll of enchant armour {unknown}
 y - a scroll of teleportation {unknown}
Potions
 d - a potion of might
 g - a potion of curing {unknown}
 h - 2 potions of berserk rage {unknown}
 j - a potion of heal wounds {unknown}
 l - a potion of degeneration {unknown}
 n - a potion of agility {unknown}
 z - a potion of ambrosia {unknown}
Books
 p - a book of Maledictions

   Spells                             Type                      Level
   a - Corona                         Hexes                        1
   b - Ensorcelled Hibernation        Hexes/Ice                    2
   c - Confuse                        Hexes                        3
   d - Tukima's Dance                 Hexes                        3
   e - Dazzling Spray                 Conjuration/Hexes            3
 x - a book of Minor Magic

   Spells                             Type                      Level
   a - Magic Dart                     Conjuration                  1
   b - Blink                          Translocation                2
   c - Call Imp                       Summoning                    2
   d - Repel Missiles                 Charms/Air                   2
   e - Slow                           Hexes                        2
   f - Conjure Flame                  Conjuration/Fire             3
   g - Mephitic Cloud                 Conjuration/Poison/Air       3
Comestibles
 f - a bread ration
 k - a slice of pizza
 r - 4 fruits
 v - a meat ration
 A - 2 chunks of flesh


   Skills:
 * Level 4.6 Fighting
   Level 2.1 Long Blades
 + Level 1.7 Polearms
 + Level 4.5 Armour
 + Level 2.5 Dodging
 + Level 4.1 Shields


You had 6 spell levels left.
You didn't know any spells.

Dungeon Overview and Level Annotations

Branches:
Dungeon (4/15)
 Temple: D:4-7

Altars:
Dithmenos
Nemelex Xobeh
Uskayaw
Vehumet


Message History

The phantom hits you.
The phantom blinks!
The orc priest casts a cantrip, but nothing happens.
The orc priest mumbles some strange prayers to Beogh against you.
Pain shoots through your body!
You closely miss the phantom.
The phantom is moderately damaged.
The phantom hits you.
The phantom blinks!
You block the orc's attack. You block the orc priest's attack.
You hit the orc priest. You freeze the orc priest.
The orc priest is moderately wounded.
You block the orc's attack.
The orc priest calls down the wrath of Beogh upon you.
Beogh smites you!
* * * LOW HITPOINT WARNING * * *
The orc hits you but does no damage.
You hear a shout!
The orc priest calls down the wrath of Beogh upon you.
Beogh smites you!
You die...

#########+#+##
#####............#
#......W)........#
#................#
#................#
#................####
#....)...............
#....................
#.......o.ooo@.......
#..........oo....####
......########+#+##
....... .......
o..... ...


You could see a phantom, 3 orc priests and 3 orcs.

Vanquished Creatures
  Sigmund (D:4)
  2 orc priests (D:3)
  Jessica (D:2)
  A statue (D:4)
  A gnoll (D:1)
  An adder (D:2)
  2 oozes
  An adder skeleton (D:4)
  3 worms
  7 dart slugs
  5 orcs
  8 bats
  A giant cockroach (D:1)
  8 goblins
  10 hobgoblins
  A jackal (D:4)
  3 quokkas
  A ball python (D:2)
  8 frilled lizards
  9 kobolds
  7 rats
81 creatures vanquished.

Notes
Turn   | Place    | Note
-------+----------+-------------------------------------------
     0 | D:1      | aronpayne the Human Fighter began the quest for the Orb.
     0 | D:1      | Reached XP level 1. HP: 18/18 MP: 1/1
   155 | D:1      | Reached XP level 2. HP: 24/24 MP: 2/2
   427 | D:1      | Reached XP level 3. HP: 26/29 MP: 3/3
  1032 | D:1      | Reached XP level 4. HP: 35/35 MP: 4/4
  1121 | D:2      | Reached skill level 1 in Dodging
  1453 | D:2      | Noticed Jessica
  1458 | D:2      | Killed Jessica
  1458 | D:2      | Reached XP level 5. HP: 40/41 MP: 5/5
  1780 | D:2      | Found a sparkling altar of Nemelex Xobeh.
  1780 | D:2      | Found a shadowy altar of Dithmenos.
  1941 | D:3      | Reached skill level 1 in Polearms
  2263 | D:3      | Reached XP level 6. HP: 48/48 MP: 6/6
  2342 | D:3      | Noticed a dagger
  2342 | D:3      | Noticed a dagger
  2345 | D:3      | Found a hide-covered altar of Uskayaw.
  2692 | D:4      | Found a radiant altar of Vehumet.
  2716 | D:4      | Noticed Sigmund
  2732 | D:4      | Killed Sigmund
  2732 | D:4      | Reached XP level 7. HP: 30/55 MP: 7/7
  2800 | D:4      | Killed from afar by an orc priest

Vault maps used:
D:1:      erik_arrival_cave_to_civilisation
D:2:      minmay_diamond_boxcup, gammafunk_temple_overflow_wave, uniq_jessica
D:3:      dancing_weapons_uskayaw, kennysheep_generic_room_14
D:4:      vehumet_statue, serial_shops, shop, uniq_sigmund, uniq_duvessa

Skill      XL: |  1  2  3  4  5  6 |
---------------+-------------------+-----
Dodging        | 1 2 |  2.5
Armour         | 4 |  4.5
Polearms       | 1 |  1.7
Fighting       | 4 |  4.6
Shields        | 4 |  4.1
Long Blades    | |  2.1

Action                   |  1- 3 |  4- 6 |  7- 9 || total
-------------------------+-------+-------+-------++-------
Melee: Long sword        |    48 |       |       ||    48
       Spear             |    25 |   170 |     5 ||   200
  Use: Scroll            |       |     1 |       ||     1
       Potion            |       |     1 |     1 ||     2
  Eat: Chunk             |       |     6 |       ||     6
Armor: Scale mail        |    25 |    42 |       ||    67
Dodge: Dodged            |    22 |    39 |     2 ||    63
Block: Shield            |    28 |    64 |     5 ||    97
       Reflection        |       |     3 |       ||     3
